Map: Incorporeal LE

Players

Doc - Winner!

  • Race: Zerg Zerg
  • League: Platinum
  • Spawn Location: 11:00

ManlyManMeat

  • Race: Zerg Zerg
  • League: Diamond
  • Spawn Location: 5:00

VOD

Have the link to the VOD?

Description

Time

  • Played on: July 3, 2025, 6:58 a.m.
  • Length: 4:00
Show
View Real Time Build Order
Export as new Build Order

Doc Zerg - Winner!

Build Orders: Hatch First 

Get SALT Encoding   

  12  0:00  Drone  
  13  0:12  Drone  
  14  0:17  Extractor  
  14  0:18  Drone  
  14  0:22  Drone, Extractor  
  16  0:43  Hatchery, Extractor  
  14  0:57  Spawning Pool  
  14  1:00  Drone  
  14  1:09  Overlord  
  14  1:28  Drone x2  
  16  1:43  Metabolic Boost  
  16  1:46  Queen  
  18  1:57  Queen  
  20  2:01  Zergling x2  
  20  2:04  Zergling x2  
  22  2:12  Overlord  
  22  2:15  Zergling x2  
  23  2:20  Zergling x2  
  24  2:28  Zergling x6  
  27  2:41  Zergling x4  
  27  2:42  Zergling x2  
  30  2:50  Zergling x4  
  32  2:54  Overlord  
  32  2:57  Zergling x2  
  32  2:58  Zergling x2  
  34  3:00  Zergling x2  
  34  3:16  Zergling x10  
Show
View Real Time Build Order
Export as new Build Order

ManlyManMeat Zerg 

Build Orders: Hatch First 

Get SALT Encoding   

  12  0:00  Drone  
  13  0:08  Drone  
  14  0:15  Extractor  
  14  0:16  Drone  
  15  0:22  Overlord  
  15  0:42  Drone  
  16  0:47  Hatchery  
  15  0:51  Drone  
  15  0:54  Drone  
  17  0:57  Drone  
  18  1:08  Extractor  
  17  1:13  Spawning Pool  
  17  1:17  Drone  
  17  1:20  Drone  
  18  1:27  Drone  
  19  1:37  Drone  
  20  2:00  Queen x2  
  25  2:01  Zergling x4  
  25  2:04  Overlord  
  26  2:09  Metabolic Boost  
  26  2:13  Drone  
  27  2:16  Drone  
  28  2:25  Drone x2  
  30  2:31  Drone  
  30  2:33  Drone  
  32  2:37  Baneling Nest  
  31  2:49  Zergling x2  
  31  2:50  Zergling x2  
  33  2:56  Drone x2  
  33  2:57  Spine Crawler  
  34  3:02  Roach Warren  
  31  3:16  Zergling x10  
  31  3:19  Drone  
  35  3:20  Zergling x4  
  33  3:28  Zergling x4  
  30  3:36  Baneling x2  
Tags
 
Add a new tag
Caveats
  • Supply blocks, unpowered buildings, or Contaminate may cause inaccurate times.
  • Supply counts are checked every 10 seconds.